 Dungeon Crawl Stone Soup version 0.19.0-11-g3fc08b3 (webtiles) character file.

206014 Andry07 the Slayer (level 18, -12/134 HPs)
             Began as a Gargoyle Fighter on Nov 8, 2016.
             Was a High Priest of Okawaru.
             Splashed by a deep elf sorcerer's acid (13 damage)
             ... on level 3 of the Elven Halls.
             The game lasted 03:04:54 (36444 turns).

Andry07 the Slayer (Gargoyle Fighter)              Turns: 36444, Time: 03:05:13

Health: -12/134    AC: 37    Str: 30    XL:     18   Next: 70%
Magic:  25/25      EV: 11    Int:  7    God:    Okawaru [*****.]
Gold:   405        SH: 21    Dex: 14    Spells: 2 memorised, 10 levels left

rFire  . . .     SeeInvis +     W - +0 eveningstar
rCold  + + .     Gourm    .     P - +2 ice dragon scales
rNeg   + + +     Faith    .     H - +3 shield
rPois  ∞         Spirit   .     a - +2 hat "Otiwnet" {+Blink rN+++ Str+3 Int-3}
rElec  +         Reflect  +     o - +1 cloak {rPois}
rCorr  .         Harm     .     T - +1 pair of gloves {Str+3}
MR     ++...                    s - +2 pair of boots {run}
Stlth  ..........               U - +3 amulet of reflection
                                x - ring of see invisible
                                w - ring of protection from fire

@: corroded, flying, quick
A: antennae 1, big wings, clever 1, magic resistance 1, negative energy
resistance 1, electricity resistance, slow regeneration 1, unbreathing,
petrification resistance, rot immunity, AC +13
a: Stop Flying, Heroism, Finesse, Renounce Religion, Evoke Blink
}: 1/15 runes: serpentine


You were on level 3 of the Elven Halls.
You worshipped Okawaru.
Okawaru was extremely pleased with you.
You were not hungry.

You visited 6 branches of the dungeon, and saw 27 of its levels.

You collected 2056 gold pieces.
You spent 1651 gold pieces at shops.

Inventory:

Hand Weapons
 K - a +4 double sword
 L - a +0 triple sword of freezing
 M - the +5 quarterstaff "Cekkaor" {venom, -Tele rN+ Int+4 Dex+2}
   (You found it on level 8 of the Dungeon)

   It poisons the flesh of those it strikes.
   It affects your intelligence (+4).
   It affects your dexterity (+2).
   It protects you from negative energy.
   It prevents most forms of teleportation.
 W - a +0 eveningstar (weapon)
Armour
 a - the +2 hat "Otiwnet" (worn) {+Blink rN+++ Str+3 Int-3}
   (Okawaru gifted it to you on level 4 of the Lair of Beasts)

   It affects your strength (+3).
   It affects your intelligence (-3).
   It renders you almost immune to negative energy.
   It lets you blink.
 o - a +1 cloak of poison resistance (worn)
 s - a +2 pair of boots of running (worn)
 H - a +3 shield (worn)
 P - +2 ice dragon scales (worn)
 T - a +1 pair of gloves of strength (worn)
Jewellery
 c - the ring "Huatem" {-Tele rF+ rC+ MR+ SInv}
   (You found it on level 6 of the Lair of Beasts)

   [ring of see invisible]

   It protects you from fire.
   It protects you from cold.
   It affects your resistance to hostile enchantments.
   It lets you see invisible.
   It prevents most forms of teleportation.
 w - a ring of protection from fire (left hand)
 x - a ring of see invisible (right hand)
 R - an uncursed amulet of regeneration
 U - a +3 amulet of reflection (around neck)
Wands
 v - a wand of polymorph (7/24)
 A - a wand of digging (12/24)
Scrolls
 e - 5 scrolls of enchant armour
 h - 6 scrolls of fog
 i - 6 scrolls of magic mapping
 p - 12 scrolls of remove curse
 r - 2 scrolls of fear
 y - 9 scrolls of teleportation
 z - 2 scrolls of silence
 C - 4 scrolls of enchant weapon
 E - 8 scrolls of blinking
 G - a scroll of summoning
 I - a scroll of noise {unknown}
 J - a scroll of acquirement {unknown}
 O - 6 scrolls of recharging
Potions
 d - 2 potions of might
 j - 10 potions of mutation
 k - 9 potions of curing
 n - 2 potions of resistance
 q - 5 potions of berserk rage
 t - a potion of degeneration {unknown}
 D - 2 potions of cancellation
 F - 2 potions of brilliance {unknown}
 N - 3 potions of ambrosia {unknown}
 S - 2 potions of magic
 V - 2 potions of agility
 Y - a potion of invisibility {unknown}
 Z - a potion of lignification {unknown}
Books
 b - Roxanne's Disquisition on Clay
   (You took it off Roxanne on level 4 of the Snake Pit)

   Spells                             Type                      Level
   a - Sandblast                      Earth                        1
   b - Passwall                       Transmutation/Earth          2
   c - Petrify                        Transmutation/Earth          4
   d - Lee's Rapid Deconstruction     Earth                        5
   e - Statue Form                    Transmutation/Earth          6
 g - the Handbook of Glacial Talismans
   (You found it on level 3 of the Snake Pit)

   Spells                             Type                      Level
   a - Song of Slaying                Charms                       2
   b - Regeneration                   Charms/Necromancy            3
   c - Ozocubu's Armour               Charms/Ice                   3
   d - Deflect Missiles               Charms/Air                   6
   e - Bolt of Cold                   Conjuration/Ice              6
Miscellaneous
 X - a phial of floods
Comestibles
 f - 13 bread rations
 l - 4 royal jellies
 m - 10 meat rations
 u - 2 fruits
 B - a slice of pizza
 Q - 10 beef jerkies


   Skills:
 - Level 21.9 Fighting
 - Level 12.2(13.8) Maces & Flails
 - Level 11.2(13.3) Staves
 + Level 15.3 Armour
 - Level 1.4 Dodging
 - Level 15.0 Shields
 - Level 9.5 Invocations


You had 10 spell levels left.
You knew the following spells:

 Your Spells              Type           Power        Failure   Level  Hunger
a - Swiftness             Chrm/Air       #.......     95%         2    ###....
b - Silence               Hex/Air        #.........   100%        5    ######.


Dungeon Overview and Level Annotations

Branches:
Dungeon (11/15)            Temple (1/1) D:4            Lair (6/6) D:8
  Swamp (0/4) Lair:4        Snake (4/4) Lair:2        Slime (0/5) Lair:5
    Orc (2/2) D:10            Elf (3/3) Orc:2

Altars:
Ashenzari
Cheibriados
Dithmenos
Elyvilon
Fedhas
Gozag
Hepliaklqana
Kikubaaqudgha
Makhleb
Nemelex Xobeh
Okawaru
Qazlal
Ru
Sif Muna
Trog
Uskayaw
Vehumet
Xom
Yredelemnul
Zin
The Shining One
Beogh

Shops:
D:9 (?   D:10 *   Orc:2 :*[(

Annotations:
Snake:3 Asterion


Innate Abilities, Weirdness & Mutations

You are resistant to torment.
Your stone body is resilient. (AC +13)
You are immune to poison.
Your large and strong wings let you fly indefinitely.
You resist negative energy. (rN+)
You are resistant to electric shocks. (rElec)
You can survive without breathing.
You are immune to petrification.
You are immune to rotting.
You have a pair of small antennae on your head.
Your mind is acute. (Int +2)
You are resistant to hostile enchantments. (MR+)
You regenerate slowly when monsters are visible.


Message History

The bolt of acid hits you! The acid corrodes you!
You are splashed with acid!
The acid burns!
* * * LOW HITPOINT WARNING * * *
You block the deep elf sorcerer's attack. x2
You barely miss the deep elf sorcerer.
You block the deep elf sorcerer's attack.
You bludgeon the deep elf sorcerer!!
The deep elf sorcerer is heavily wounded.
The deep elf sorcerer casts a spell at you.
You resist with almost no effort.
You barely miss the deep elf sorcerer.
The deep elf sorcerer is heavily wounded.
The deep elf sorcerer hits you but does no damage.
You impale the deep elf sorcerer!!
The deep elf sorcerer is severely wounded.
The deep elf sorcerer casts a spell at you.
The bolt of acid hits you!
* * * LOW HITPOINT WARNING * * *
You are splashed with acid!
The acid burns!
You die...

.###.###^..#...# #e##...#
.##...##.......# #.##...#
.#.....#.......########..##...###
.........###.#..................[
.....)...###.###.#######........(
#............###'## #.........
##.......######...## ####....##
##......## ##.....########..(.#
#.......###...@..............#
###.......##....e......##...##.#
...........'.........'.......#.#
####.....###..........##)......#
#.....# ##........###[#..#### #
###.### ##.....#.###.##.# # #.#
##...##........# # #.#
#.(.######.#### ###.##### #EE.#
#.#


You could see a deep elf sorcerer.

Vanquished Creatures
  A deep elf blademaster (Elf:2)
  The ghost of Millan the Severer, an adept MiFi of Ashenzari (Snake:4)
  Donald (Snake:4)
  Kirke (Lair:6)
  Roxanne (Snake:4)
  6 nagarajas
  3 deep elf sorcerers
  An orc warlord (Orc:2)
  Aizul (Snake:4)
  Louise (Snake:4)
  The ghost of Drunkenshrew the Fencer, a journeyman HEGl of Okawaru (Orc:2)
  The ghost of Drunkenshrew the Fighter, a journeyman DrMo of Ashenzari (Lair:6)
  A stone giant (Orc:2)
  A deep elf demonologist (Elf:3)
  3 ettins
  Harold (Lair:1)
  A deep elf high priest (Elf:3)
  18 naga warriors
  The ghost of Dekarus the Thaumaturge, a journeyman GrEE of Vehumet (Lair:3)
  3 hydras
  A merfolk avatar (Lair:6)
  Erica (Orc:1)
  9 anacondas
  20 dancing weapons
  An orc high priest (Orc:1)
  Urug (D:10)
  17 naga sharpshooters
  10 shock serpents
  14 deep elf knights
  6 naga ritualists
  2 salamander mystics
  2 sea snakes (Snake:3)
  An unseen horror (D:10)
  10 deep elf archers
  A hill giant (D:10)
  2 harpies (Lair:6)
  3 orc sorcerers
  7 mana vipers
  9 cyclopes (Orc:2)
  41 deep elf magi
  A manticore (Lair:6)
  8 salamanders
  13 elephants
  39 naga magi
  2 guardian serpents
  43 black mambas
  7 spiny frogs
  6 rime drakes
  10 komodo dragons
  2 hornets (Lair:6)
  2 wind drakes (Lair:6)
  4 polar bears
  A tyrant leech (Lair:4)
  2 two-headed ogres
  2 trolls (Orc:2)
  11 dream sheep
  22 blink frogs
  8 hippogriffs
  5 water elementals
  A spriggan (D:7)
  A hill giant zombie (D:10)
  4 wyverns
  3 basilisks
  Grum (Lair:1)
  4 fire elementals
  36 yaks
  A hungry ghost (D:10)
  A warg (Orc:2)
  Menkaure (D:4)
  64 nagas
  3 swamp worms (Lair:4)
  2 hell hounds (D:8)
  25 water moccasins
  An ice beast (D:4)
  5 porcupines
  15 orc warriors
  4 phantoms
  A sky beast (D:5)
  4 black bears
  16 wolves
  17 ogres
  A centaur (D:10)
  18 crocodiles
  A big kobold (D:9)
  A gnoll sergeant (D:7)
  22 bullfrogs
  2 earth elementals (Elf:1)
  A wyvern zombie (D:7)
  5 scorpions
  A troll zombie (D:10)
  3 howler monkeys
  2 vampire bats (Lair:5)
  4 electric eels
  5 crimson imps
  A bullfrog zombie (D:5)
  A quasit (D:9)
  A centaur zombie (D:8)
  11 orc priests
  5 hounds
  5 jellies
  20 orc wizards
  A bullfrog skeleton (D:7)
  5 iguanas
  9 worker ants
  6 ogre zombies (D:10)
  A hound skeleton (D:4)
  2 worker ant zombies
  Robin (D:3)
  21 gnolls
  20 adders
  2 river rats (Lair:4)
  3 shadow imps
  4 oozes
  2 adder skeletons
  5 dart slugs
  2 leopard geckos
  39 orcs
  10 bats
  6 giant cockroaches
  10 goblins
  12 hobgoblins
  19 jackals
  8 kobolds
  2 quokkas
  11 ball pythons
  6 frilled lizards
  A goblin skeleton (D:10)
  3 goblin zombies (D:10)
  2 hobgoblin skeletons (D:10)
  3 hobgoblin zombies (D:10)
  A leopard gecko skeleton (D:6)
  An orc skeleton (D:10)
  15 orc zombies (D:10)
  2 quokka skeletons (D:6)
  A quokka zombie (D:7)
  5 rats
  12 fungi
  3 plants
970 creatures vanquished.

Vanquished Creatures (others)
  A deep elf master archer (Elf:3)
  A deep elf archer (Elf:3)
  A deep elf mage (Elf:2)
  3 yaks (Lair:5)
  5 humans (Lair:6)
  4 fungi
  18 plants
33 creatures vanquished.

Grand Total: 1003 creatures vanquished

Notes
Turn   | Place    | Note
-------+----------+-------------------------------------------
     0 | D:1      | Andry07 the Gargoyle Fighter began the quest for the Orb.
     0 | D:1      | Reached XP level 1. HP: 14/14 MP: 1/1
   139 | D:1      | Reached XP level 2. HP: 20/20 MP: 2/2
   156 | D:1      | Reached skill level 4 in Fighting
   446 | D:1      | Reached XP level 3. HP: 22/24 MP: 3/3
   897 | D:2      | Found a basalt altar of Yredelemnul.
   904 | D:2      | Reached skill level 5 in Fighting
  1369 | D:2      | Reached XP level 4. HP: 31/31 MP: 4/4
  1641 | D:3      | Found a burning altar of Makhleb.
  2026 | D:3      | Noticed Robin
  2040 | D:3      | Killed Robin
  2042 | D:3      | Reached skill level 6 in Fighting
  2051 | D:3      | Reached XP level 5. HP: 29/36 MP: 5/5
  2200 | D:4      | Noticed Menkaure
  2207 | D:4      | Killed Menkaure
  2207 | D:4      | Reached skill level 7 in Fighting
  2207 | D:4      | Reached XP level 6. HP: 4/44 MP: 6/6
  2761 | D:4      | Reached skill level 8 in Fighting
  2828 | D:4      | Found a staircase to the Ecumenical Temple.
  2836 | Temple   | Entered the Ecumenical Temple
  3121 | Temple   | Became a worshipper of Warmaster Okawaru
  3158 | D:4      | Reached XP level 7. HP: 16/50 MP: 7/7
  3674 | D:4      | Found a blossoming altar of Fedhas.
  3703 | D:4      | Found a stormy altar of Qazlal.
  3704 | D:4      | Found a bloodstained altar of Trog.
  3980 | D:4      | Reached skill level 9 in Fighting
  4019 | D:5      | Entered Level 5 of the Dungeon
  4381 | D:5      | Reached skill level 5 in Armour
  4627 | D:4      | Reached * piety under Okawaru
  4627 | D:4      | Reached XP level 8. HP: 34/56 MP: 8/8
  5693 | D:5      | Gained mutation: You regenerate slowly when monsters are visible. [mutagenic meat]
  5694 | D:5      | Gained mutation: You are resistant to hostile enchantments. (MR+) [mutagenic meat]
  5695 | D:5      | Gained mutation: Your magical capacity is low. (-10% MP) [mutagenic meat]
  6492 | D:6      | Reached ** piety under Okawaru
  6601 | D:6      | Found a snail-covered altar of Cheibriados.
  6607 | D:6      | Reached XP level 9. HP: 53/60 MP: 8/8
  6768 | D:6      | Reached skill level 10 in Armour
  7443 | D:6      | Found a hide-covered altar of Uskayaw.
  8125 | D:6      | Reached *** piety under Okawaru
  8451 | D:7      | Found a shattered altar of Ashenzari.
  8640 | D:8      | Got an ichor-stained quarterstaff
  8708 | D:8      | Found a snail-covered altar of Cheibriados.
  8858 | D:8      | Found a glowing silver altar of Zin.
  8883 | D:8      | Found a shimmering altar of Xom.
  9144 | D:8      | Reached skill level 5 in Shields
  9144 | D:8      | Reached XP level 10. HP: 12/66 MP: 9/9
  9335 | D:8      | Found a staircase to the Lair.
  9592 | Lair:1   | Entered Level 1 of the Lair of Beasts
  9648 | Lair:1   | Noticed Grum
  9835 | Lair:1   | Killed Grum
  9835 | Lair:1   | Reached **** piety under Okawaru
 10074 | Lair:1   | Identified the +5 quarterstaff "Cekkaor" {venom, -Tele rN+ Int+4 Dex+2} (You found it on level 8 of the Dungeon)
 10084 | Lair:1   | Reached skill level 1 in Staves
 10350 | Lair:1   | Noticed a spiny frog
 10365 | Lair:1   | Killed a spiny frog
 10365 | Lair:1   | Reached ***** piety under Okawaru
 10447 | Lair:1   | Noticed a spiny frog
 10454 | Lair:1   | Killed a spiny frog
 10510 | Lair:1   | Reached skill level 5 in Maces & Flails
 10639 | Lair:1   | Noticed Harold
 10655 | Lair:1   | Killed Harold
 10655 | Lair:1   | Reached skill level 5 in Staves
 10655 | Lair:1   | Reached XP level 11. HP: 18/71 MP: 9/9
 11648 | Lair:2   | Reached ****** piety under Okawaru
 12266 | Lair:2   | You fall through a shaft!
 12330 | Lair:2   | Received a gift from Okawaru
 12333 | Lair:2   | Got a fine hat {god gift}
 12339 | Lair:2   | Identified the +0 hat of the Shore {rPois} (Okawaru gifted it to you on level 2 of the Lair of Beasts)
 12441 | Lair:2   | Found a staircase to the Snake Pit.
 12908 | Snake:1  | Entered Level 1 of the Snake Pit
 12998 | Snake:1  | Noticed a shock serpent
 13008 | Snake:1  | Killed a shock serpent
 13080 | Snake:1  | Noticed a mana viper
 13083 | Snake:1  | Noticed a naga ritualist
 13083 | Snake:1  | Noticed a mana viper
 13097 | Snake:1  | Killed a mana viper
 13106 | Snake:1  | Noticed a naga ritualist
 13107 | Snake:1  | Killed a mana viper
 13141 | Lair:2   | Reached XP level 12. HP: 35/76 MP: 4/10
 13264 | Snake:1  | Received a gift from Okawaru
 13267 | Snake:1  | Got a pair of faintly humming boots {god gift}
 13273 | Snake:1  | Identified the +1 pair of boots of Parlour Games {rPois Int+3 Slay+2} (Okawaru gifted it to you on level 1 of the Snake Pit)
 13417 | Snake:1  | Reached skill level 10 in Maces & Flails
 13438 | Snake:1  | Reached skill level 10 in Staves
 13466 | Snake:1  | Noticed a naga warrior
 13526 | Snake:1  | Killed a naga warrior
 13697 | Snake:1  | Noticed a naga warrior
 13891 | Snake:1  | You fall through a shaft!
 13937 | Snake:1  | Noticed an anaconda
 13946 | Snake:1  | Killed an anaconda
 14028 | Snake:1  | Noticed a naga warrior
 14059 | Snake:1  | Killed a naga warrior
 14417 | Lair:3   | Got a shimmering scale mail
 14476 | Lair:3   | Identified the +4 scale mail "Riem" {Regen+ Str+2 Slay-5} (You found it on level 3 of the Lair of Beasts)
 14645 | Lair:3   | Noticed Dekarus's ghost (journeyman GrEE)
 15035 | Lair:3   | Received a gift from Okawaru
 15035 | Lair:3   | Reached XP level 13. HP: 70/80 MP: 11/11
 15498 | Lair:3   | Killed Dekarus's ghost
 15772 | Lair:4   | Reached skill level 10 in Fighting
 16038 | Lair:4   | Found a staircase to the Swamp.
 16075 | Lair:4   | Received a gift from Okawaru
 16100 | Lair:4   | Got a spiked hat {god gift}
 16112 | Lair:4   | Identified the +2 hat "Otiwnet" {+Blink rN+++ Str+3 Int-3} (Okawaru gifted it to you on level 4 of the Lair of Beasts)
 16262 | Lair:4   | Reached skill level 11 in Fighting
 17277 | Lair:5   | Reached skill level 12 in Fighting
 17461 | Lair:5   | Found a staircase to the Slime Pits.
 17651 | Lair:6   | Entered Level 6 of the Lair of Beasts
 17753 | Lair:6   | Noticed Drunkenshrew's ghost (journeyman DrMo)
 17829 | Lair:5   | Learned a level 2 spell: Swiftness
 18152 | Lair:6   | Reached skill level 13 in Fighting
 18475 | Lair:6   | Killed Drunkenshrew's ghost
 18475 | Lair:6   | Gained mutation: Your large and strong wings let you fly indefinitely. [Gargoyle growth]
 18475 | Lair:6   | Reached XP level 14. HP: 72/94 MP: 12/12
 18756 | Lair:6   | Received a gift from Okawaru
 18756 | Lair:6   | Reached skill level 14 in Fighting
 18809 | Lair:6   | Noticed Kirke
 18844 | Lair:6   | Killed Kirke
 19047 | Lair:6   | Reached skill level 15 in Fighting
 19552 | Lair:6   | Reached skill level 16 in Fighting
 19595 | Lair:6   | Received a gift from Okawaru
 19731 | Lair:6   | Got a brightly glowing wooden ring
 19735 | Lair:6   | Identified the ring "Huatem" {-Tele rF+ rC+ MR+ SInv} (You found it on level 6 of the Lair of Beasts)
 20909 | Snake:2  | Reached XP level 15. HP: 75/104 MP: 13/13
 21019 | Snake:2  | Reached skill level 10 in Shields
 21737 | Snake:2  | Lost mutation: Your magical capacity is low. (-10% MP) [mutagenic meat]
 21738 | Snake:2  | Gained mutation: Your mind is acute. (Int +2) [mutagenic meat]
 21739 | Snake:2  | Gained mutation: You have a pair of small antennae on your head. [mutagenic meat]
 21957 | Snake:4  | Entered Level 4 of the Snake Pit
 21957 | Snake:4  | Noticed Donald
 21976 | Snake:3  | Noticed Asterion
 21977 | Snake:3  | Noticed a balrug
 22011 | Snake:4  | Killed Donald
 22011 | Snake:4  | Received a gift from Okawaru
 22030 | Snake:4  | Identified a +2 pair of boots of running (Okawaru gifted it to you on level 4 of the Snake Pit)
 22505 | Snake:4  | Noticed Aizul
 22560 | Snake:3  | Found a runed gate.
 22560 | Snake:3  | Found a runed gate.
 22560 | Snake:3  | Found a runed gate.
 22961 | Snake:3  | Identified the Handbook of Glacial Talismans
 23480 | Snake:3  | Noticed a nagaraja
 23505 | Snake:3  | Killed a nagaraja
 23505 | Snake:3  | Received a gift from Okawaru
 23565 | Snake:3  | Reached XP level 16. HP: 72/110 MP: 16/16
 23861 | Snake:3  | Reached skill level 15 in Shields
 24401 | Snake:3  | Reached skill level 1 in Invocations
 24607 | Snake:3  | Noticed an Executioner
 24846 | Snake:4  | Reached skill level 17 in Fighting
 25278 | Snake:4  | Noticed Millan's ghost (adept MiFi)
 25310 | Snake:4  | Killed Millan's ghost
 25310 | Snake:4  | Reached skill level 5 in Invocations
 25362 | Snake:4  | Noticed Louise
 25388 | Snake:4  | Killed Louise
 25516 | Snake:4  | Noticed a nagaraja
 25540 | Snake:4  | Killed a nagaraja
 25560 | Snake:4  | Noticed a nagaraja
 25560 | Snake:4  | Noticed Roxanne
 25588 | Snake:4  | Killed a nagaraja
 25701 | Snake:4  | Noticed a nagaraja
 25708 | Snake:4  | Killed Aizul
 25708 | Snake:4  | Received a gift from Okawaru
 25828 | Snake:4  | Killed a nagaraja
 25877 | Snake:4  | Noticed a nagaraja
 26049 | Snake:3  | Killed a nagaraja
 26272 | Snake:4  | Reached skill level 18 in Fighting
 26272 | Snake:4  | Reached XP level 17. HP: 109/119 MP: 22/22
 26358 | Snake:4  | Got a serpentine rune of Zot
 26501 | Snake:4  | Killed Roxanne
 26502 | Snake:4  | Identified Roxanne's Disquisition on Clay (You took it off Roxanne on level 4 of the Snake Pit)
 26998 | D:9      | Found a sparkling altar of Nemelex Xobeh.
 27002 | D:9      | Found Dinik's Magic Scroll Shoppe.
 27030 | D:9      | Bought a scroll of teleportation for 48 gold pieces
 27030 | D:9      | Bought a scroll of identify for 32 gold pieces
 27030 | D:9      | Bought a scroll of enchant armour for 120 gold pieces
 27030 | D:9      | Bought a scroll of identify for 32 gold pieces
 27030 | D:9      | Bought a scroll of teleportation for 48 gold pieces
 27030 | D:9      | Bought a scroll of identify for 32 gold pieces
 27030 | D:9      | Bought a scroll of identify for 32 gold pieces
 27277 | D:9      | Found a glowing golden altar of the Shining One.
 27278 | D:9      | Found a hazy altar of Hepliaklqana.
 27421 | D:9      | Found Mecim's Weapon Shoppe.
 27995 | D:10     | Entered Level 10 of the Dungeon
 28284 | D:10     | Noticed Urug
 28301 | D:10     | Killed Urug
 28366 | D:10     | Found a staircase to the Orcish Mines.
 28645 | Lair:6   | Learned a level 5 spell: Silence
 29044 | D:10     | Found Ophaomp's Assorted Antiques.
 29045 | D:10     | Found an iron altar of Okawaru.
 29071 | D:10     | Bought a scroll of teleportation for 93 gold pieces
 29576 | Orc:1    | Entered Level 1 of the Orcish Mines
 29638 | Orc:2    | Entered Level 2 of the Orcish Mines
 29638 | Orc:2    | Found a roughly hewn altar of Beogh.
 29638 | Orc:2    | Noticed Drunkenshrew's ghost (journeyman HEGl)
 29640 | Orc:2    | Found Qeguorph's Antique Weapon Emporium.
 30599 | Orc:2    | Killed Drunkenshrew's ghost
 30642 | Orc:2    | Found Wiraacif's Antique Armour Emporium.
 30652 | Orc:2    | Reached skill level 1 in Dodging
 30671 | Orc:2    | Found a staircase to the Elven Halls.
 30714 | Orc:2    | Received a gift from Okawaru
 30718 | Orc:2    | Found Plog's General Store.
 31131 | Orc:2    | Found Nahaloro's Book Shoppe.
 31280 | Orc:2    | Bought a manual of Fighting for 1214 gold pieces
 31410 | Elf:1    | Entered Level 1 of the Elven Halls
 31829 | Orc:1    | Noticed Erica
 31834 | Orc:1    | Killed Erica
 32065 | Elf:1    | Reached skill level 19 in Fighting
 33243 | Elf:2    | Reached skill level 20 in Fighting
 33269 | Elf:2    | Found a runed gate.
 33273 | Elf:2    | Found a runed gate.
 33273 | Elf:2    | Found a runed gate.
 33301 | Elf:2    | Received a gift from Okawaru
 33474 | Elf:2    | Reached XP level 18. HP: 127/130 MP: 25/25
 33961 | Elf:2    | Reached skill level 21 in Fighting
 34115 | Elf:2    | Got a twisted hat {god gift}
 34123 | Elf:2    | Identified the +2 hat of the Butterfly {Dex+3} (Okawaru gifted it to you on level 2 of the Elven Halls)
 34190 | Elf:2    | Noticed a deep elf blademaster
 34222 | Elf:2    | Killed a deep elf blademaster
 34771 | Elf:3    | Entered Level 3 of the Elven Halls
 35783 | Snake:4  | Got a pair of translucent boots {god gift}
 35796 | Snake:4  | Identified the +0 pair of boots of Experimentation {rC++ MP-9} (Okawaru gifted it to you on level 4 of the Snake Pit)
 36357 | Elf:3    | Noticed a Brimstone Fiend
 36358 | Elf:3    | Noticed a Brimstone Fiend
 36360 | Elf:3    | Received a gift from Okawaru
 36360 | Elf:3    | Reached skill level 15 in Armour
 36370 | Elf:3    | Received a gift from Okawaru
 36373 | Elf:3    | Noticed a deep elf master archer
 36380 | Elf:3    | Killed a deep elf master archer
 36444 | Elf:3    | HP: 1/134 [deep elf sorcerer/bolt of acid (30)]
 36444 | Elf:3    | Splashed by a deep elf sorcerer's acid

Skill      XL: |  1  2  3  4  5  6  7  8  9 10 11 12 13 14 15 16 17 18 |
---------------+-------------------------------------------------------+-----
Fighting       | 4 5 6 7 8 9 13 16 18 20 21 | 21.9
Armour         | 6 9 12 13 15 | 15.3
Shields        | 5 7 9 14 15 | 15.0
Staves         | 5 8 11 | 11.2
Maces & Flails | 6 9 11 12 | 12.2
Invocations    | 7 9 |  9.5
Dodging        | 1 |  1.4

Action                   |  1- 3 |  4- 6 |  7- 9 | 10-12 | 13-15 | 16-18 || total
-------------------------+-------+-------+-------+-------+-------+-------++-------
Melee: Flail             |   156 |   203 |   787 |   107 |       |       ||  1253
       Quarterstaff      |       |       |       |   422 |       |       ||   422
       Eveningstar       |       |       |       |   191 |  1892 |  2181 ||  4264
Invok: Heroism           |       |       |       |       |       |    13 ||    13
       Finesse           |       |       |       |       |       |     5 ||     5
 Abil: Evoke Blink       |       |       |       |       |     3 |     1 ||     4
       Fly               |       |       |       |       |     1 |       ||     1
Evoke: Wand              |       |       |       |     1 |     3 |     2 ||     6
  Use: Scroll            |       |       |     8 |     6 |    12 |    10 ||    36
       Potion            |       |       |       |     2 |     6 |     2 ||    10
  Eat: Chunk             |     2 |     6 |    22 |    15 |    25 |    33 ||   103
       Fruit             |       |       |     2 |     7 |       |    10 ||    19
       Bread ration      |       |       |       |       |     2 |       ||     2
Armor: Scale mail        |    91 |       |       |    29 |   803 |       ||   923
       Plate armour      |    14 |   188 |   669 |   566 |       |       ||  1437
       Ice dragon scales |       |       |       |       |   420 |   925 ||  1345
Dodge: Dodged            |    57 |    34 |   150 |   203 |   539 |   506 ||  1489
Block: Shield            |    86 |   102 |   479 |   204 |  1526 |  1756 ||  4153
       Reflection        |       |       |       |       |       |    20 ||    20
